 Dungeon Crawl Stone Soup version 0.29.0-4-gdea44cf6ec (webtiles) character file.

Game seed: 2947112187351514528

842 qw the Chopper (level 8, -6/49 HPs)
             Began as a Gargoyle Berserker on Sept 9, 2022.
             Was a Priest of Trog.
             Mangled by Duvessa
             ... wielding a +0 short sword
              (10 damage)
             ... on level 5 of the Dungeon.
             The game lasted 00:01:42 (4411 turns).

qw the Chopper (Gargoyle Berserker)                 Turns: 4411, Time: 00:01:43

Health: -6/49      AC: 15    Str: 23    XL:     8   Next: 0%
Magic:  8/8        EV:  4    Int:  8    God:    Trog [***...]
Gold:   199        SH:  0    Dex:  9    Spells: 7/7 levels left

rFire   . . .      SeeInvis .   Y - +1 hand axe
rCold   . . .      Faith    .   (no shield)
rNeg    + . .      Spirit   .   k - +0 chain mail
rPois   inf        Reflect  .   h - +0 helmet
rElec   +          Harm     .   (no cloak)
rCorr   .          Rampage  .   (no gloves)
Will    ++...                   (no boots)
Stlth   ..........              (no amulet)
HPRegen 0.16/turn               m - ring of willpower
MPRegen 0.11/turn               a - ring of willpower

@: about to teleport, on berserk cooldown, held, slowed, very slow
A: sickness immunity, AC +5, negative energy resistance 1, electricity
resistance, torment resistance 1, petrification resistance
a: Renounce Religion, Berserk, Trog's Hand


You were on level 5 of the Dungeon.
You worshipped Trog.
Trog was most pleased with you.
You visited 1 branch of the dungeon, and saw 5 of its levels.

You collected 199 gold pieces.


Innate Abilities, Weirdness & Mutations

You are immune to sickness and miasma.
Your stone body is resilient. (AC +5)
You are immune to poison.
You resist negative energy. (rN+)
You are resistant to electric shocks. (rElec)
You are resistant to unholy torment.
You are immune to petrification.


   Skills:
 - Level 5.0 Fighting
 + Level 7.6 Axes
 - Level 3.0 Armour
 - Level 1.5 Dodging


You had 7 spell levels left.
You didn't know any spells.
Your spell library was empty.

Inventory:

Hand Weapons
 e - a +0 flail
 Y - a +1 hand axe (weapon)
Armour
 h - a +0 helmet (worn)
 k - a +0 chain mail (worn)
Jewellery
 a - a ring of willpower (right hand)
 m - a ring of willpower (left hand)
Scrolls
 b - 3 scrolls of identify
 f - 2 scrolls of teleportation
Potions
 c - a potion of cancellation
 d - 3 potions of heal wounds
 g - a potion of mutation

Dungeon Overview and Level Annotations

Branches:
Dungeon (5/15)             Temple (0/1) D:4

Altars:
Uskayaw

Annotations:
D:3 2 runed translucent doors, qw's ghost, amateur MiFi
D:5 Duvessa


Message History

You feel the power of Trog in you as your rage grows.
You kill the orc priest!
Trog accepts your kill.
You barely miss something. You hit Dowan. You barely miss the ogre.
You slash Dowan!
You kill Dowan!
Trog accepts your kill.
Trog appreciates your killing of a magic user.
Something screams in a voice full of rage, "No, no!"
You slash the ogre! You barely miss something.
Something hits you but does no damage.
The ogre hits you with a +0 giant spiked club.
You barely miss the ogre.
The ogre is severely wounded.
You closely miss something. Something hits you but does no damage.
You slash the ogre!
You kill the ogre!
Trog accepts your kill.
You hit something. Something hits you.
You have reached level 8!
You feel stronger. Something hits you!
A gnoll comes into view. It is wielding a +0 spear.
The gnoll throws a throwing net.
The throwing net hits you.
You become entangled in the net!
Items here: %% ( ))) [[.
You struggle against the net.
You feel a strong urge to attack something.
Something hits you but does no damage.
You tear a large gash into the net.
You are no longer berserk.
You are exhausted.
You feel yourself slow down. Something hits you!
The gnoll hits you but does no damage.
4411 ||| READING 3 scrolls of teleportation.
As you read the scroll of teleportation, it crumbles to dust.
You feel strangely unstable. Something hits you!
You die...

##.. ...#
#.... ###....
##...>
#...####.#
####{)g...g..
######....@#
#......##).#
###.####...#
#...##.#.#
###....#.#
####..###.#
#......#..#
###
#.####...##
... .. #..##
###.#


You could see 2 gnolls.

Vanquished Creatures
  Grinder (D:3)
  Sigmund (D:2)
  An ogre (D:5)
  A scorpion (D:5)
  Dowan (D:5)
  A gnoll bouda (D:5)
  An orc priest (D:5)
  An iguana (D:4)
  An orc wizard (D:5)
  Robin (D:2)
  5 gnolls (D:5)
  2 adders
  2 worms
  4 dart slugs
  5 orcs
  6 ball pythons
  15 endoplasms
  4 giant cockroaches
  10 goblins
  8 hobgoblins
  2 jackals (D:2)
  6 quokkas
  6 bats
  4 frilled lizards
  12 kobolds
  4 rats
105 creatures vanquished.

Vanquished Creatures (others)
  7 demonic plants (D:2)
  4 fungi (D:2)
  2 plants (D:2)
  6 withered plants (D:2)
19 creatures vanquished.

Grand Total: 124 creatures vanquished

Notes
Turn   | Place    | Note
-------+----------+-------------------------------------------
     0 | D:1      | qw the Gargoyle Berserker began the quest for the Orb.
     0 | D:1      | Reached XP level 1. HP: 14/14 MP: 1/1
     0 | D:1      | 0 ||| qw: Version: 0.1-a-113-g051387a
     0 | D:1      | 0 ||| qw: Game counter: 6895
     0 | D:1      | 0 ||| qw: Always use a shield: true
     0 | D:1      | 0 ||| qw: Do Orc after D:15 true
     0 | D:1      | 0 ||| qw: Do second Lair branch before Depths: true
     0 | D:1      | 0 ||| qw: Lair rune preference: random
     0 | D:1      | 0 ||| qw: Plans: Normal
     0 | D:1      | 0 ||| PLANNING D:1-11
    53 | D:1      | 53 ||| INVOKING Berserk.
   261 | D:1      | Reached skill level 3 in Axes
   325 | D:1      | Reached XP level 2. HP: 18/19 MP: 2/2
   804 | D:1      | Reached XP level 3. HP: 23/23 MP: 3/3
   958 | D:1      | 958 ||| UPGRADING to +0 ring mail.
   968 | D:1      | 968 ||| DROPPING +0 animal skin.
   969 | D:1      | 969 ||| UPGRADING to ring of willpower.
   970 | D:1      | 970 ||| READING scroll labelled MOT JOMIN.
   971 | D:1      | 971 ||| READING scroll labelled WAN WUFEX MUYFAWA.
   972 | D:1      | 972 ||| READING scroll labelled DESTRAI ET DIMU.
   973 | D:1      | 973 ||| READING 3 scrolls labelled COKLYLOGHU.
   974 | D:1      | 974 ||| READING scroll labelled GAKEAR CYAPE.
   978 | D:1      | 978 ||| READING scroll labelled BUCAIS FONUECS.
   979 | D:1      | 979 ||| DROPPING 2 scrolls of blinking.
  1073 | D:2      | 1073 ||| Stepping ~*~*~tactically~*~*~ (stealth).
  1117 | D:2      | Reached ** piety under Trog
  1194 | D:2      | Found a faded altar of an unknown god.
  1195 | D:2      | 1195 ||| Stepping ~*~*~tactically~*~*~ (stealth).
  1224 | D:2      | Reached skill level 4 in Axes
  1326 | D:2      | Noticed Sigmund
  1327 | D:2      | 1327 ||| Stepping ~*~*~tactically~*~*~ (hiding).
  1332 | D:2      | 1332 ||| INVOKING Berserk.
  1334 | D:2      | Killed Sigmund
  1335 | D:2      | Reached skill level 5 in Axes
  1335 | D:2      | Reached XP level 4. HP: 28/28 MP: 4/4
  1335 | D:2      | Reached XP level 5. HP: 32/32 MP: 5/5
  1543 | D:2      | Noticed Robin
  1552 | D:2      | 1552 ||| INVOKING Berserk.
  1556 | D:2      | Killed Robin
  1564 | D:2      | Reached XP level 6. HP: 38/38 MP: 6/6
  1599 | D:2      | 1599 ||| FLEEEEING.
  1727 | D:2      | 1727 ||| Stepping ~*~*~tactically~*~*~ (stealth).
  1728 | D:2      | 1728 ||| Stepping ~*~*~tactically~*~*~ (stealth).
  1730 | D:2      | 1730 ||| Stepping ~*~*~tactically~*~*~ (stealth).
  1882 | D:2      | 1882 ||| Stepping ~*~*~tactically~*~*~ (stealth).
  1884 | D:2      | 1884 ||| Stepping ~*~*~tactically~*~*~ (stealth).
  1885 | D:2      | 1885 ||| Stepping ~*~*~tactically~*~*~ (stealth).
  1941 | D:2      | 1941 ||| FLEEEEING.
  1942 | D:2      | 1942 ||| FLEEEEING.
  1957 | D:2      | 1957 ||| FLEEEEING.
  1958 | D:2      | 1958 ||| FLEEEEING.
  2122 | D:2      | 2122 ||| Stepping ~*~*~tactically~*~*~ (stealth).
  2124 | D:2      | 2124 ||| Stepping ~*~*~tactically~*~*~ (stealth).
  2216 | D:2      | 2216 ||| UPGRADING to +0 helmet.
  2221 | D:2      | 2221 ||| UPGRADING to +0 chain mail.
  2231 | D:2      | 2231 ||| DROPPING +0 ring mail.
  2232 | D:2      | 2232 ||| READING scroll labelled ICUOPP REUG.
  2233 | D:2      | 2233 ||| READING scroll labelled WUUGU TORUVAA.
  2234 | D:2      | 2234 ||| READING 4 scrolls of identify.
  2234 | D:2      | 2234 ||| IDENTIFYING ruby potion
  2235 | D:2      | 2235 ||| READING 3 scrolls of identify.
  2235 | D:2      | 2235 ||| IDENTIFYING bubbling yellow potion
  2396 | D:3      | Found a large runed translucent door.
  2397 | D:3      | Found a large runed translucent door.
  2399 | D:3      | Noticed qw's ghost (amateur MiFi)
  2419 | D:3      | Found a hide-covered altar of Uskayaw.
  2637 | D:3      | 2637 ||| Stepping ~*~*~tactically~*~*~ (stealth).
  2738 | D:3      | Reached *** piety under Trog
  2749 | D:3      | Noticed Grinder
  2749 | D:3      | Paralysed by Grinder for 5 turns
  2754 | D:3      | 2754 ||| INVOKING Trog's Hand.
  2755 | D:3      | 2755 ||| INVOKING Berserk.
  2771 | D:3      | Killed Grinder
  2772 | D:3      | Reached skill level 6 in Axes
  2772 | D:3      | Reached XP level 7. HP: 43/43 MP: 7/7
  3551 | D:3      | 3551 ||| READING scroll labelled QYFRAOR TEDDI.
  3552 | D:3      | 3552 ||| READING 5 scrolls of identify.
  3552 | D:3      | 3552 ||| IDENTIFYING brown potion
  3553 | D:3      | 3553 ||| READING 4 scrolls of identify.
  3553 | D:3      | 3553 ||| IDENTIFYING viscous orange potion
  3554 | D:3      | 3554 ||| READING 3 scrolls of identify.
  3554 | D:3      | 3554 ||| IDENTIFYING cyan potion
  3555 | D:3      | 3555 ||| DROPPING potion of attraction.
  3556 | D:3      | 3556 ||| DROPPING potion of flight.
  3578 | D:4      | 3578 ||| STAIRDANCE
  3827 | D:4      | Identified the +0 ring mail "Redicohe" {rCorr}
  3850 | D:4      | Reached skill level 3 in Armour
  3997 | D:4      | Found a staircase to the Ecumenical Temple.
  4153 | D:4      | 4153 ||| DROPPING +0 ring mail "Redicohe" {rCorr}.
  4154 | D:4      | 4154 ||| UPGRADING to ring of willpower.
  4155 | D:4      | 4155 ||| DROPPING ring of flight.
  4221 | D:5      | Entered Level 5 of the Dungeon
  4232 | D:5      | 4232 ||| INVOKING Berserk.
  4238 | D:5      | Reached skill level 7 in Axes
  4282 | D:5      | 4282 ||| DROPPING +0 whip.
  4390 | D:5      | Noticed Dowan
  4390 | D:5      | Noticed Duvessa
  4394 | D:5      | 4394 ||| INVOKING Berserk.
  4405 | D:5      | Killed Dowan
  4408 | D:5      | Reached XP level 8. HP: 29/49 MP: 8/8
  4408 | D:5      | HP: 17/73 [something (12)]
  4410 | D:5      | HP: 3/49 [something (8)]
  4411 | D:5      | 4411 ||| READING 3 scrolls of teleportation.
  4411 | D:5      | Mangled by Duvessa

Levels and vault maps discovered:
D:1:      ncdulo_lavacross, layout_basic
D:2:      layout_loops_ring, shapermc_ecumenical_altar_gd, st_stairs_11,
          uniq_robin, uniq_sigmund
D:3:      layout_basic, eat_drink_and_be_merry_uskayaw,
          ebering_ghost_disaster_area, uniq_grinder
D:4:      layout_cave_pools, minmay_temple_entry_hall, nrook_uturn
D:5:      layout_rooms, zin_academy, uniq_duvessa

Skill      XL: |  1  2  3  4  5  6  7 |
---------------+----------------------+-----
Axes           | 3 5 6 7 |  7.6
Fighting       | 4 5 |  5.0
Armour         | 3 |  3.0
Dodging        | |  1.5

Action                   |  1- 3 |  4- 6 |  7- 9 || total
-------------------------+-------+-------+-------++-------
Melee: Hand axe          |   104 |   116 |    99 ||   319
       Punch             |       |     1 |     2 ||     3
Throw: Boomerang         |    35 |    41 |    18 ||    94
Invok: Berserk           |     2 |     2 |     2 ||     6
       Trog's Hand       |       |     1 |       ||     1
  Use: Scroll            |     6 |     4 |     5 ||    15
Armor: Animal skin       |    17 |       |       ||    17
       Ring mail         |    32 |    27 |       ||    59
       Chain mail        |       |    20 |    45 ||    65
Dodge: Dodged            |    60 |    50 |    35 ||   145

Table legend:
 A = Non-vault XP
 B = Vault XP
 C = Vault XP percentage of total XP
 D = Non-vault monster count
 E = Vault monster count
 F = Vault count percentage of total count
                 A         B        C        D         E       F
            +---------+---------+-------+---------+---------+-------
      Total |     594 |     609 |  50.6 |      87 |      18 |  17.1
            +---------+---------+-------+---------+---------+-------
        D:1 |      40 |       0 |   0.0 |      24 |       0 |   0.0
        D:2 |      48 |     257 |  84.3 |      23 |      16 |  41.0
        D:3 |      48 |     286 |  85.6 |      18 |       1 |   5.3
        D:4 |      60 |       0 |   0.0 |       9 |       0 |   0.0
        D:5 |     398 |      66 |  14.2 |      13 |       1 |   7.1
            +---------+---------+-------+---------+---------+-------
